 Dungeon Crawl Stone Soup version 0.28-a0-1190-g77e1c55843 (webtiles) character file.

Game seed: 5510053899453068096

1713031 karkarkar the Executioner (level 27, 243/275 HPs)
             Began as a Hill Orc Fighter on Dec 16, 2021.
             Was an Elder of Okawaru.
             Escaped with the Orb
             ... and 3 runes on Dec 18, 2021!
             The game lasted 06:09:34 (65700 turns).

karkarkar the Executioner (Hill Orc Fighter)       Turns: 65700, Time: 06:09:34

Health: 243/275    AC: 39    Str: 41    XL:     27
Magic:  30/30      EV: 18    Int:  8    God:    Okawaru [****..]
Gold:   7642       SH: 13    Dex: 14    Spells: 27/27 levels left

rFire   + + .      SeeInvis +   b - +9 broad axe (vorpal)
rCold   + + .      Faith    .   l - +0 kite shield {reflect}
rNeg    . . .      Spirit   .   h - +3 gold dragon scales
rPois   +          Reflect  +   I - +2 helmet "Douh Vix" {Str+10 Stlth-}
rElec   +          Harm     .   c - +0 cloak of Shrieking Lucidity {rCorr Dex+2 Slay+3}
rCorr   +          Rampage  +   p - +0 pair of gloves "Kidiraov" {Rampage *Slow Str+2 SInv}
Will    +++..                   e - +1 pair of boots {Fly}
Stlth   ..........              R - amulet of regeneration
HPRegen 1.35/turn               v - ring of Harmony {rElec Will+ Dex+2 Slay+4}
MPRegen 0.22/turn               G - ring "Piotab" {rC+ Slay+3 SInv}

@: flying, studying 2 skills
A: deterioration 1, fire resistance 1, poison resistance, robust 1, weak 2, wild
magic 1
0: Orb of Zot
}: 3/15 runes: serpentine, barnacled, silver
a: Renounce Religion, Heroism, Finesse


You escaped.
You worshipped Okawaru.
Okawaru was greatly pleased with you.
You visited 10 branches of the dungeon, and saw 51 of its levels.
You visited the Abyss 2 times.
You also visited: Trove and Sewer.

You collected 9398 gold pieces.
You spent 1756 gold pieces at shops.

Inventory:

Hand Weapons
 a - a +7 broad axe of freezing
 b - a +9 vorpal broad axe (weapon)
Missiles
 n - 8 silver boomerangs
 s - 11 boomerangs of dispersal
 u - 25 poisoned darts
 A - 12 curare-tipped darts
 B - 37 silver javelins (quivered)
 J - 11 datura-tipped darts
 M - 50 atropa-tipped darts
 V - 6 throwing nets
 W - 35 javelins
Armour
 c - the +0 cloak of Shrieking Lucidity (worn) {rCorr Dex+2 Slay+3}
   (You found it on level 1 of the Depths)

   Dex:       It affects your dexterity (+2).
   Slay:      It affects your accuracy & damage with ranged weapons and melee
   (+3).
   rCorr:     It protects you from acid and corrosion.
 e - a +1 pair of boots of flying (worn)
 h - +3 gold dragon scales (worn)
 l - a +0 kite shield of reflection (worn)
 p - the +0 pair of gloves "Kidiraov" (worn) {Rampage *Slow Str+2 SInv}
   (You found it in a treasure trove)

   Str:       It affects your strength (+2).
   SInv:      It lets you see invisible.
   *Slow:     It may slow you when you take damage.
   Rampage:   It bestows one free step when moving towards enemies.
 z - the +4 dragonskin cloak
   (You took it off Tiamat on level 5 of the Realm of Zot)

   It grants the wearer a chance to resist fire, cold, poison, electricity,
   acid, and negative energy.
 I - the +2 helmet "Douh Vix" (worn) {Str+10 Stlth-}
   (You found it in a treasure trove)

   Str:       It affects your strength (+10).
   Stlth:     It makes you less stealthy.
 Y - the +0 cloak "Bexyaw Lydi" {+Inv rC++ Dex-2 SInv}
   (You found it in a treasure trove)

   Dex:       It affects your dexterity (-2).
   rC:        It greatly protects you from cold.
   SInv:      It lets you see invisible.
   +Inv:      It lets you turn invisible.
Jewellery
 f - the ring of Dothrul {rElec rCorr AC+4 Stlth-}
   (You found it on level 3 of the Elven Halls)

   [ring of protection]

   AC:        It affects your AC (+4).
   rElec:     It insulates you from electricity.
   rCorr:     It protects you from acid and corrosion.
   Stlth:     It makes you less stealthy.
 v - the ring of Harmony (left hand) {rElec Will+ Dex+2 Slay+4}
   (You found it on level 3 of the Elven Halls)

   [ring of slaying]

   Dex:       It affects your dexterity (+2).
   Slay:      It affects your accuracy & damage with ranged weapons and melee
   (+4).
   rElec:     It insulates you from electricity.
   Will:      It increases your willpower.
 E - the ring "Intotodd" {rF+ rN+}
   (You found it on level 1 of the Realm of Zot)

   [ring of positive energy]

   rF:        It protects you from fire.
   rN:        It protects you from negative energy.
 G - the ring "Piotab" (right hand) {rC+ Slay+3 SInv}
   (You found it on level 3 of the Elven Halls)

   [ring of protection from cold]

   Slay:      It affects your accuracy & damage with ranged weapons and melee
   (+3).
   rC:        It protects you from cold.
   SInv:      It lets you see invisible.
 H - the ring "Miah" {rN+ EV+4 Slay+4}
   (You bought it in a shop on level 2 of the Snake Pit)

   [ring of evasion]

   EV:        It affects your evasion (+4).
   Slay:      It affects your accuracy & damage with ranged weapons and melee
   (+4).
   rN:        It protects you from negative energy.
 R - an amulet of regeneration (around neck)
Wands
 g - a wand of acid (6)
 r - a wand of paralysis (4)
 N - a wand of iceblast (22)
 O - a wand of digging (14)
 T - a wand of flame (49)
Scrolls
 k - a scroll of holy word
 m - 8 scrolls of fear
 t - 21 scrolls of teleportation
 y - 13 scrolls of fog
 C - 10 scrolls of immolation
 K - a scroll of brand weapon
 Q - 5 scrolls of blinking
 S - 2 scrolls of silence
Potions
 d - 14 potions of curing
 i - 16 potions of heal wounds
 q - 4 potions of mutation
 w - 3 potions of ambrosia
 x - a potion of haste
 D - 8 potions of might
 F - 3 potions of invisibility
 U - 4 potions of resistance
 Z - 15 potions of attraction
Miscellaneous
 j - a condenser vane
 o - a tin of tremorstones (2/2)
 P - a condenser vane


   Skills:
 - Level 21.3 Fighting
 - Level 0.9(1.0) Short Blades
 - Level 0.5(0.9) Long Blades
 + Level 25.8(25.9) Axes
 - Level 1.2(14.7) Maces & Flails
 - Level 0.9(14.7) Polearms
 - Level 0.7(1.2) Staves
 - Level 0.6(12.6) Slings
 - Level 1.0 Bows
 - Level 0.5 Crossbows
 + Level 19.3 Throwing
 - Level 24.0 Armour
 - Level 21.5 Dodging
 - Level 15.0 Shields
 - Level 0.7 Unarmed Combat
 - Level 0.5 Spellcasting
 - Level 1.0 Conjurations
 - Level 0.4 Hexes
 - Level 1.0 Summonings
 - Level 0.6 Necromancy
 - Level 0.4 Translocations
 - Level 0.6 Transmutations
 - Level 0.6 Fire Magic
 - Level 0.9 Ice Magic
 - Level 0.7 Air Magic
 - Level 0.8 Earth Magic
 - Level 0.6 Poison Magic
 - Level 10.0 Invocations
 - Level 10.0 Evocations


You had 27 spell levels left.
You didn't know any spells.
Your spell library contained the following spells:

 Spells                   Type           Power      Damage    Failure   Level
 Freeze                   Ice            8%         1d3       82%         1
 Shock                    Conj/Air       8%         1d3       83%         1
 Sting                    Tmut/Pois      4%         1d3       86%         1
 Static Discharge         Conj/Air       2%         N/A       92%         2
 Ensorcelled Hibernation  Hex/Ice        2%         N/A       93%         2
 Passwall                 Tmut/Erth      0%         N/A       93%         2
 Corpse Rot               Necr/Air       2%         N/A       94%         2
 Poisonous Vapours        Pois/Air       2%         N/A       94%         2
 Wereblood                Tmut           1%         N/A       94%         2
 Blink                    Tloc           2%         N/A       95%         2
 Conjure Flame            Conj/Fire      2%         6-21      99%         3
 Dazzling Flash           Conj/Hex       2%         N/A       99%         3
 Frozen Ramparts          Ice            4%         1d2       99%         3
 Ignite Poison            Fire/Tmut/Pois 1%         N/A       99%         3
 Inner Flame              Hex/Fire       1%         N/A       99%         3
 Lesser Beckoning         Tloc           1%         N/A       99%         3
 Ozocubu's Armour         Ice            2%         N/A       99%         3
 Portal Projectile        Hex/Tloc       2%         N/A       99%         3
 Swiftness                Air            1%         N/A       99%         3
 Teleport Other           Tloc           1%         N/A       99%         3
 Airstrike                Air            0%         N/A       100%        4
 Dispel Undead            Necr           1%         3d6       100%        4
 Hailstorm                Conj/Ice       2%         3d3       100%        4
 Ice Form                 Ice/Tmut       1%         N/A       100%        4
 Iskenderun's Mystic Bla  Conj/Tloc      1%         2d3       100%        4
 Leda's Liquefaction      Hex/Erth       0%         N/A       100%        4
 Olgreb's Toxic Radiance  Pois           1%         N/A       100%        4
 Passage of Golubria      Tloc           1%         N/A       100%        4
 Petrify                  Tmut/Erth      1%         N/A       100%        4
 Sticky Flame             Conj/Fire      2%         2d3       100%        4
 Agony                    Necr           1%         N/A       100%        5
 Blade Hands              Tmut           0%         N/A       100%        5
 Excruciating Wounds      Necr           0%         N/A       100%        5
 Fireball                 Conj/Fire      1%         3d3       100%        5
 Freezing Cloud           Conj/Ice/Air   1%         6-21      100%        5
 Iskenderun's Battlesphe  Conj           2%         2d6       100%        5
 Lee's Rapid Deconstruct  Erth           0%         3d5*      100%        5
 Lightning Bolt           Conj/Air       1%         1d12      100%        5
 Manifold Assault         Tloc           1%         N/A       100%        5
 Metabolic Englaciation   Hex/Ice        0%         N/A       100%        5
 Silence                  Hex/Air        0%         N/A       100%        5
 Yara's Violent Unravell  Hex/Tmut       0%         3d3       100%        5
 Conjure Ball Lightning   Conj/Air       1%         3x3d6     100%        6
 Dispersal                Tloc           0%         N/A       100%        6
 Eringya's Noxious Bog    Tmut/Pois      0%         N/A       100%        6
 Iron Shot                Conj/Erth      1%         9d1       100%        6
 Starburst                Conj/Fire      1%         6d3       100%        6
 Statue Form              Tmut/Erth      0%         N/A       100%        6
 Dragon Form              Tmut           0%         N/A       100%        7
 Orb of Destruction       Conj           1%         N/A       100%        7
 Disjunction              Tloc           0%         N/A       100%        8
 Lehudib's Crystal Spear  Conj/Erth      1%         10d2      100%        8
 Polar Vortex             Ice            1%         N/A       100%        9
 Tukima's Dance           Hex            Unusable   N/A       N/A         3
 Animate Armour           Summ/Erth      Unusable   N/A       N/A         4
 Summon Ice Beast         Ice/Summ       Unusable   N/A       N/A         4
 Summon Lightning Spire   Summ/Air       Unusable   N/A       N/A         4
 Summon Forest            Summ/Tloc      Unusable   N/A       N/A         5
 Simulacrum               Ice/Necr       Unusable   N/A       N/A         6
 Summon Hydra             Summ           Unusable   N/A       N/A         7

Dungeon Overview and Level Annotations

Branches:
Dungeon (15/15)            Temple (0/1) D:4            Lair (6/6) D:9
 Shoals (4/4) Lair:3        Snake (4/4) Lair:2        Slime (0/5) Lair:5
    Orc (2/2) D:11            Elf (3/3) Orc:2        Vaults (5/5) D:13
  Crypt (3/3) Vaults:3       Tomb (0/3) Crypt:3      Depths (4/4) D:15
    Zot (5/5) Depths:4      Sewer (visited)

Altars:
Kikubaaqudgha
Okawaru
Sif Muna
Uskayaw
Wu Jian
Xom
Yredelemnul
The Shining One
Beogh
Jiyva
Lugonu

Shops:
D:5 *   Orc:1 (   Orc:2 *[:(   Elf:1 (   Elf:2 *   Snake:2 :=:   Depths:1 ?=

Portals:
Hell: Depths:1 Depths:2 Depths:3 Depths:4
Abyss: Depths:1 Depths:2 Depths:3
Pandemonium: Depths:2
Ziggurat: Depths:4

Annotations:
Elf:2 3 runed translucent doors
Zot:5 1 exclusion


Innate Abilities, Weirdness & Mutations

Your body sometimes deteriorates upon taking damage.
Your flesh is heat resistant. (rF+)
Your system is resistant to poisons. (rPois)
You are robust. (+10% HP)
You are very weak. (Str -4)
Your spells are a little harder to cast, but a little more powerful.


Message History

A hellion comes into view.
The hellion gestures at you.
The sphere of damnation explodes!
The damnation engulfs you!!
A sixfirhy comes into view.
The sixfirhy closely misses you. The sixfirhy misses you.
The sixfirhy closely misses you. The hellion gestures at you.
The sphere of damnation explodes!
The damnation engulfs you! You block the sixfirhy's attack.
The sixfirhy hits you but does no damage. x2
The sixfirhy barely misses you. The hellion gestures at you.
The sphere of damnation explodes!
The damnation engulfs you! You block the sixfirhy's attack.
A large abomination comes into view.
The sixfirhy closely misses you. You block the sixfirhy's attack.
The sixfirhy closely misses you.
An Executioner comes into view.
The Executioner gives a hideous shriek!
The hellion gestures at you.
The sphere of damnation explodes!
The damnation engulfs you!
The Executioner gestures.
The Executioner seems to speed up.
There is a stone staircase leading up here.
You block the Executioner's attack.
The Executioner hits you but does no damage.
The Executioner barely misses you.
The sixfirhy hits you but does no damage.
You block the Executioner's attack.
The Executioner hits you but does no damage.
You block the Executioner's attack.
You fly upwards.
There is a stone staircase leading down here.
There is a stone staircase leading up here.
You fly upwards.
There is a stone staircase leading down here.
Unknown command.
There is a staircase leading out of the dungeon here.
You can't go down here!
You have escaped!

............#.#...............##.
........).#≈≈≈.≈≈≈≈≈≈....[....##.
...####...≈≈≈≈≈.≈≈≈≈≈≈........##.
......###≈≈≈≈≈≈.≈≈≈≈≈≈≈#......##.
......##≈≈≈8≈≈.≈≈≈≈≈8≈≈≈.........
..>...+.≈≈≈≈≈.≈≈≈≈≈≈≈≈≈≈.........
......#.≈≈≈≈≈.≈≈≈≈≈≈≈≈≈≈.#+##....
......#.≈≈≈≈≈.≈≈≈≈≈≈≈≈≈≈.........
......#.≈≈≈≈≈≈..@≈≈≈≈≈≈≈#.....##.
......+.≈≈≈≈≈≈≈>..≈≈≈≈≈≈#.....##.
......##≈≈≈≈≈≈≈≈≈≈.≈≈≈≈≈#......#.
......#.≈≈≈≈≈≈≈≈≈≈.≈≈≈≈≈#......#.
........≈≈≈≈≈≈≈≈≈≈.≈≈≈≈≈#......#.
........≈≈≈8≈≈≈≈≈.≈≈8≈≈≈#......#.
........#≈≈≈≈≈≈≈.≈≈≈≈≈≈..........
........##≈≈≈≈≈≈.≈≈≈≈≈......##...
........###≈≈≈≈≈≈.≈≈≈#.......+...


There were no monsters in sight!

Vanquished Creatures
  4 orbs of fire
  3 dread liches (Zot:5)
  Tiamat (Zot:5)
  An ancient lich (Zot:5)
  Mara (Snake:3)
  2 juggernauts
  Sojobo (Crypt:1)
  The ghost of Zogul the Impregnable, a veteran MiGl of Hepliaklqana (Crypt:1)
  7 Killer Klowns
  Bai Suzhen (Crypt:1)
  3 curse toes
  Nikola (Vaults:2)
  Vashnia (Snake:3)
  A profane servitor (Zot:2)
  18 golden dragons
  Jory (Crypt:2)
  2 electric golems (Zot:5)
  A hellephant (D:14)
  23 Orb Guardians
  2 liches
  15 tentacled monstrosities
  2 walking earthen tomes (Depths:4)
  Mlioglotl (Shoals:1)
  4 deep elf master archers
  6 titans
  7 quicksilver dragons
  5 deep elf blademasters (Elf:3)
  2 acid blobs (Depths:3)
  Asterion (Snake:2)
  Frances (Snake:2)
  6 sphinxes
  2 ancient champions
  5 death cobs
  A kraken (Shoals:4)
  10 storm dragons
  7 tengu reavers
  Roxanne (Snake:4)
  8 shadow dragons
  4 revenants
  8 rockslimes (Depths:3)
  4 draconian monks
  Donald (Snake:4)
  An azure jelly (Depths:3)
  10 fire giants
  6 nagarajas
  4 draconian knights
  3 iron dragons
  9 frost giants
  6 deep elf sorcerers (Elf:3)
  A caustic shrike zombie (Crypt:2)
  4 draconian scorchers
  15 vault wardens
  An angel (D:14)
  Louise (Snake:3)
  2 orc warlords (Crypt:1)
  3 draconian shifters
  2 curse skulls (Crypt:3)
  Aizul (Snake:4)
  A balrug (Depths:3)
  3 deep elf elementalists (Elf:3)
  10 draconian annihilators
  A draconian stormcaller (Zot:3)
  5 ghouls (Crypt:3)
  A juggernaut skeleton (Crypt:1)
  A spriggan defender (Depths:2)
  13 ironbound preservers
  25 very ugly things
  A war gargoyle (Vaults:4)
  20 vampire knights
  7 ironbound thunderhulks
  22 stone giants
  3 deep elf demonologists
  12 green draconians
  9 black draconians
  8 red draconians
  10 white draconians
  3 eidola
  2 entropy weavers
  2 minotaurs (Shoals:4)
  12 yellow draconians
  4 deep elf annihilators (Elf:3)
  17 dire elephants
  2 spark wasps
  6 deep elf death magi
  7 purple draconians
  A blizzard demon (D:14)
  The ghost of Synwij the Carver, a journeyman DsFi of Qazlal (D:12)
  A green death (Zot:2)
  19 ettins
  18 jiangshi
  3 merfolk javelineers
  3 merfolk impalers
  9 fire dragons
  9 great orbs of eyes
  A quicksilver dragon skeleton (Crypt:2)
  6 yaktaur captains
  Erolcha (D:11)
  4 deep elf high priests
  2 rakshasas
  10 spriggan air magi
  8 hydras
  An ogre mage (D:15)
  5 salamander tyrants
  A spriggan skeleton (Crypt:2)
  3 boulder beetles
  6 centaur warriors
  7 naga warriors
  10 ice dragons
  A catoblepas (D:15)
  11 ironbound frosthearts
  Erica (D:11)
  A fenstrider witch zombie (Crypt:2)
  3 death knights
  2 hell beasts
  30 vault guards
  7 anacondas
  11 two-headed ogres
  10 satyrs
  4 merfolk aquamancers
  16 dancing weapons
  7 tengu warriors
  8 deep troll shamans
  14 death yaks
  8 deep troll earth magi
  An orc high priest (Elf:1)
  6 shock serpents
  16 deep elf knights
  14 naga sharpshooters
  12 vampire magi
  8 spriggans
  8 spriggan berserkers
  12 soul eaters
  21 hell knights
  A sun demon (Depths:3)
  12 iron trolls
  5 salamander mystics
  35 skeletal warriors
  A shadow wraith (Crypt:3)
  9 sea snakes
  10 flayed ghosts
  42 deep trolls
  An anaconda zombie (Crypt:3)
  A bog body (Crypt:3)
  A glowing orange brain (Depths:3)
  9 wizards
  Pikel (D:4)
  15 naga ritualists
  10 deep elf archers
  A bunyip skeleton (Crypt:1)
  37 phantasmal warriors
  16 deep elf pyromancers
  4 orc sorcerers
  8 lindwurms
  8 necromancers
  4 orc knights
  11 deep elf zephyrmancers
  19 ironbound convokers
  41 ugly things
  14 harpies
  16 mana vipers
  9 manticores
  12 fauns
  17 salamanders
  6 fire giant zombies (Crypt:2)
  12 cyclopes
  A salamander (shapeshifter) (Vaults:2)
  24 moths of wrath
  2 manticores (shapeshifter)
  A frost giant zombie (Crypt:2)
  An oklob plant (Lair:5)
  A cyclops (shapeshifter) (Vaults:5)
  2 eleionoma skeletons (Crypt:3)
  A naga zombie (Crypt:1)
  5 guardian serpents
  6 elephants
  A rust devil (Depths:3)
  A water nymph (Shoals:4)
  21 naga magi
  39 black mambas
  17 vault sentinels
  A torpor snail (Lair:2)
  A smoke demon (Depths:2)
  An orange demon (Depths:2)
  An elephant slug zombie (Crypt:1)
  A green draconian zombie (Crypt:3)
  2 gargoyles
  16 cane toads
  A naga skeleton (Crypt:1)
  A kobold demonologist (Depths:1)
  9 freezing wraiths
  An unseen horror (D:10)
  21 yaktaurs
  Psyche (D:9)
  An efreet (D:15)
  7 komodo dragons
  An anaconda simulacrum (Lair:3)
  A demonic crawler (D:4)
  2 hellwings
  A death yak skeleton (Crypt:3)
  2 guardian mummies (Crypt:1)
  A black draconian skeleton (Crypt:3)
  2 tengu conjurers
  A catoblepas skeleton (Crypt:1)
  6 polar bears
  4 rime drakes
  3 ice devils
  A harpy zombie (Crypt:2)
  15 merfolk
  2 wind drakes
  2 polar bears (shapeshifter)
  4 trolls
  A raiju (Crypt:2)
  Prince Ribbit (D:7)
  A jumping spider (Vaults:2)
  Grinder (D:3)
  10 hornets
  A hydra skeleton (Crypt:2)
  A slime creature (shapeshifter) (Depths:1)
  4 harpy skeletons
  44 slime creatures
  7 snapping turtles
  15 blink frogs
  6 air elementals
  A jumping spider zombie (Crypt:1)
  17 shadows (Crypt:1)
  Sigmund (D:3)
  6 flying skulls (Crypt:2)
  A centaur simulacrum (Crypt:1)
  A redback (Vaults:4)
  A vampire (D:12)
  24 wraiths
  2 ynoxinuls
  18 water elementals
  20 yaks
  Eustachio (D:5)
  A tarantella (Vaults:2)
  A basilisk (shapeshifter) (D:14)
  A black mamba skeleton (Crypt:1)
  Grum (D:11)
  5 wyverns
  A steam dragon (Lair:6)
  3 basilisks
  7 fire elementals
  3 chaos spawn
  Menkaure (D:5)
  A swamp worm (shapeshifter) (Vaults:5)
  Edmund (D:5)
  3 vampire mosquitoes (D:13)
  A two-headed ogre zombie (Crypt:2)
  3 acid dragons
  3 wargs (D:11)
  51 nagas
  12 water moccasins
  Duvessa (D:5)
  A floating eye (Depths:2)
  A hornet zombie (D:7)
  A demonspawn skeleton (Crypt:1)
  5 hell hounds (Crypt:2)
  14 orc warriors
  A lindwurm zombie (Crypt:3)
  2 ice beasts (D:5)
  2 black bears
  4 necrophages
  10 centaurs
  10 ogres
  26 wolves
  4 boggarts (D:14)
  A swamp dragon skeleton (Crypt:1)
  A phantom (D:6)
  2 lemures (D:4)
  A dream sheep skeleton (Crypt:2)
  A palentonga zombie (Crypt:2)
  Blork the orc (D:4)
  3 kobold brigands
  An elf skeleton (Crypt:2)
  12 bullfrogs
  A gnoll sergeant (D:7)
  6 earth elementals
  A two-headed ogre simulacrum (Lair:3)
  A scorpion (D:5)
  2 wyvern skeletons (Crypt:1)
  Dowan (D:5)
  A polar bear zombie (Crypt:3)
  A small abomination (Abyss:3)
  7 killer bees
  A spectral wolf (Crypt:2)
  2 howler monkeys
  A bullfrog zombie (D:6)
  3 centaur zombies
  3 hounds
  5 human zombies (Crypt:1)
  2 centaur skeletons
  4 jellies
  10 orc priests
  Ijyb (D:5)
  2 iguanas (D:5)
  11 orc wizards
  5 merfolk sirens
  3 human skeletons (Crypt:1)
  3 merfolk avatars
  A wolf simulacrum (Lair:3)
  A dwarf zombie (Crypt:3)
  A hound zombie (D:3)
  A howler monkey zombie (D:9)
  11 gnolls
  2 howler monkey skeletons (D:7)
  A naga simulacrum (Lair:3)
  5 adders
  A river rat (Sewer)
  A river rat (shapeshifter) (Vaults:5)
  A steam dragon skeleton (Crypt:2)
  4 white imps
  2 adder skeletons
  3 worms
  A barachi zombie (Crypt:2)
  3 dart slugs
  58 orcs
  3 bats
  6 endoplasms
  4 giant cockroaches
  A gnoll zombie (Crypt:2)
  5 goblins
  6 hobgoblins
  3 jackals (D:1)
  9 quokkas
  3 training dummies (Orc:1)
  12 ball pythons
  9 frilled lizards
  A goblin zombie (Crypt:2)
  A jackal skeleton (Crypt:2)
  11 kobolds
  22 rats
  A plant (Shoals:2)
  2 tentacles (Shoals:4)
2099 creatures vanquished.

Vanquished Creatures (collateral kills)
  An ironbound preserver (Vaults:3)
1 creature vanquished.

Vanquished Creatures (others)
  A fire giant (Depths:2)
  A deep elf zephyrmancer (Elf:3)
  A salamander (Snake:4)
  A merfolk (Shoals:3)
  A hell hound (Crypt:2)
  A boggart (D:14)
  19 fungi
  45 plants
  13 tentacles (Shoals:4)
  3 withered plants (Depths:2)
86 creatures vanquished.

Grand Total: 2186 creatures vanquished

Notes
Turn   | Place    | Note
-------+----------+-------------------------------------------
     0 | D:1      | karkarkar the Hill Orc Fighter began the quest for the Orb.
     0 | D:1      | Reached XP level 1. HP: 19/19 MP: 1/1
    34 | D:1      | Reached XP level 2. HP: 27/27 MP: 2/2
    90 | D:1      | Reached skill level 3 in Axes
   227 | D:1      | Reached XP level 3. HP: 33/33 MP: 3/3
   546 | D:1      | Identified 3 scrolls of acquirement
   546 | D:1      | Acquired the amulet of Nifai {Contam Harm rElec Regen+}
  1051 | D:1      | Acquired a +1 broad axe of flaming
  1163 | D:2      | Reached skill level 4 in Axes
  1275 | D:2      | Reached XP level 4. HP: 40/40 MP: 4/4
  1747 | D:2      | Found a faded altar of an unknown god.
  1939 | D:3      | Reached skill level 5 in Axes
  1944 | D:3      | Reached XP level 5. HP: 31/47 MP: 5/5
  2079 | D:3      | Noticed Grinder
  2083 | D:3      | Paralysed by Grinder for 2 turns
  2090 | D:3      | Killed Grinder
  2091 | D:3      | Reached skill level 5 in Fighting
  2091 | D:3      | Reached skill level 7 in Axes
  2091 | D:3      | Reached XP level 6. HP: 56/56 MP: 6/6
  2361 | D:3      | Noticed Sigmund
  2384 | D:3      | Killed Sigmund
  2385 | D:3      | Reached skill level 8 in Axes
  2385 | D:3      | Reached XP level 7. HP: 33/61 MP: 7/7
  2649 | D:4      | Noticed a +0 spear
  2650 | D:4      | Noticed a +0 short sword
  2650 | D:4      | Noticed a +0 dagger
  2651 | D:4      | Noticed a +0 falchion
  2652 | D:4      | Noticed a +0 dagger
  2652 | D:4      | Noticed a +0 short sword
  2654 | D:4      | Noticed a +0 spear
  2654 | D:4      | Noticed a +0 falchion
  2656 | D:4      | Found a hide-covered altar of Uskayaw.
  2903 | D:4      | Found a glowing drain.
  2929 | Sewer    | Entered a sewer
  3086 | Sewer    | Reached skill level 9 in Axes
  3403 | D:4      | Found an iron altar of Okawaru.
  3411 | D:4      | Became a worshipper of Warmaster Okawaru
  3426 | D:4      | Noticed Blork the orc
  3439 | D:4      | Killed Blork the orc
  3495 | D:4      | Noticed Pikel
  3508 | D:4      | Killed Pikel
  3508 | D:4      | Reached * piety under Okawaru
  3509 | D:4      | Reached skill level 11 in Axes
  3509 | D:4      | Reached skill level 1 in Throwing
  3509 | D:4      | Reached XP level 8. HP: 68/71 MP: 8/8
  3527 | D:4      | Found a staircase to the Ecumenical Temple.
  3586 | D:5      | Entered Level 5 of the Dungeon
  3605 | D:5      | Reached ** piety under Okawaru
  3617 | D:5      | Noticed Edmund
  3618 | D:5      | Noticed Duvessa
  3628 | D:5      | Noticed Menkaure
  3629 | D:5      | Killed Edmund
  3634 | D:5      | Killed Menkaure
  3635 | D:5      | Reached skill level 12 in Axes
  3667 | D:5      | Noticed Ijyb
  3686 | D:5      | Killed Ijyb
  3687 | D:5      | Reached XP level 9. HP: 78/78 MP: 9/9
  3770 | D:5      | Reached skill level 1 in Evocations
  3876 | D:5      | Noticed Dowan
  3882 | D:5      | Killed Dowan
  3919 | D:5      | Killed Duvessa
  4144 | D:5      | Reached skill level 13 in Axes
  4171 | D:5      | Found Dileebbo's Assorted Antiques.
  4179 | D:5      | Bought a scroll of identify for 38 gold pieces
  4235 | D:5      | Reached *** piety under Okawaru
  4311 | D:5      | Noticed Eustachio
  4373 | D:5      | Killed Eustachio
  4751 | D:6      | Noticed a two-headed ogre
  4763 | D:6      | Killed a two-headed ogre
  4763 | D:6      | Reached **** piety under Okawaru
  4764 | D:6      | Reached skill level 14 in Axes
  4764 | D:6      | Reached skill level 1 in Dodging
  4764 | D:6      | Reached skill level 1 in Invocations
  4861 | D:6      | Reached XP level 10. HP: 89/89 MP: 10/10
  5267 | D:6      | Reached skill level 15 in Axes
  5386 | D:7      | Noticed Prince Ribbit
  5394 | D:7      | Killed Prince Ribbit
  6824 | D:9      | Reached skill level 5 in Throwing
  6827 | D:9      | Received a gift from Okawaru
  6847 | D:9      | Identified the +2 hand axe "Conservator" {drain, rC+}
  6879 | D:9      | Noticed Psyche
  6890 | D:9      | Killed Psyche
  6966 | D:9      | Noticed a death yak
  6966 | D:9      | Noticed a two-headed ogre
  6981 | D:9      | Killed a death yak
  6981 | D:9      | Reached ***** piety under Okawaru
  6983 | D:9      | Killed a two-headed ogre
  6984 | D:9      | Reached skill level 16 in Axes
  6984 | D:9      | Reached XP level 11. HP: 99/99 MP: 9/12
  6989 | D:9      | Noticed a death yak
  6990 | D:9      | Noticed a death yak
  6990 | D:9      | Noticed a death yak
  6990 | D:9      | Noticed a death yak
  7158 | D:9      | Found a staircase to the Lair.
  7489 | D:9      | Acquired 722 gold pieces
  7522 | D:9      | Reached skill level 10 in Fighting
  7529 | D:9      | Killed a death yak
  7530 | D:9      | Killed a death yak
  7538 | D:9      | Killed a death yak
  7541 | D:9      | Killed a death yak
  7541 | D:9      | Received a gift from Okawaru
  7542 | D:9      | Reached skill level 17 in Axes
  7592 | D:9      | Found the +8 glaive of the Guard {elec, spectral, AC+5}
  7600 | D:9      | Identified the +7 halberd "Icki" {vorpal, Will+ Int+2}
  7841 | D:10     | Entered Level 10 of the Dungeon
  7992 | D:10     | Noticed an orc knight
  8000 | D:10     | Killed an orc knight
  8087 | D:10     | Received a gift from Okawaru
  8249 | D:10     | Noticed a skeletal warrior
  8259 | D:10     | Killed a skeletal warrior
  8451 | D:10     | Found a shimmering altar of Xom.
  8451 | D:10     | Found a shimmering blue altar of Sif Muna.
  8581 | D:10     | Noticed a two-headed ogre
  8588 | D:10     | Killed a two-headed ogre
  9015 | D:11     | Noticed a five-headed hydra
  9026 | D:11     | Killed a three-headed hydra
  9027 | D:11     | Reached XP level 12. HP: 93/110 MP: 12/14
  9088 | D:11     | Noticed Erica
  9088 | D:11     | Noticed Erolcha
  9108 | D:11     | Killed Erica
  9109 | D:11     | Reached skill level 18 in Axes
  9167 | D:11     | Noticed Grum
  9169 | D:11     | Received a gift from Okawaru
  9180 | D:11     | Noticed a two-headed ogre
  9182 | D:11     | Killed Grum
  9186 | D:11     | Killed a two-headed ogre
  9190 | D:11     | Killed Erolcha
  9190 | D:11     | Reached ****** piety under Okawaru
  9404 | D:11     | Received a gift from Okawaru
  9602 | D:11     | Found a staircase to the Orcish Mines.
  9823 | Lair:1   | Entered Level 1 of the Lair of Beasts
  9841 | Lair:1   | Reached skill level 5 in Invocations
  9876 | D:9      | Upgraded the game from 0.28-a0-1159-g27aa881441 to
                  | 0.28-a0-1182-g381e24db82
 10249 | Lair:1   | Noticed a four-headed hydra
 10259 | Lair:1   | Killed a one-headed hydra
 10541 | Lair:1   | Identified the +9 arbalest of the Lusting Moth {vorpal,
                  | rElec Int-3 Dex+9} (Okawaru gifted it to you on level 1 of
                  | the Lair of Beasts)
 10541 | Lair:1   | Received a gift from Okawaru
 11387 | Lair:2   | Reached XP level 13. HP: 122/122 MP: 18/18
 11757 | Lair:2   | Found a staircase to the Snake Pit.
 12179 | Lair:3   | Received a gift from Okawaru
 12227 | Lair:3   | Found a staircase to the Shoals.
 12368 | Lair:3   | Reached skill level 10 in Throwing
 12447 | Lair:3   | Reached skill level 5 in Shields
 13293 | Lair:3   | Noticed an ice dragon
 13323 | Lair:3   | Killed an ice dragon
 13466 | Lair:3   | Got the Volume of Spatial Fire
 13491 | Lair:3   | Received a gift from Okawaru
 13994 | Lair:4   | Identified the +7 halberd of Pain and Death {drain, Str+6
                  | Int-4}
 14072 | Lair:4   | You fall into a shaft and drop 2 floors!
 14072 | Lair:6   | Entered Level 6 of the Lair of Beasts
 14120 | Lair:6   | Reached skill level 10 in Shields
 14376 | Lair:4   | Reached XP level 14. HP: 129/129 MP: 20/20
 14738 | Lair:5   | Found a staircase to the Slime Pits.
 14738 | Lair:5   | Found a viscous altar of Jiyva.
 15214 | Lair:5   | Found a glowing golden altar of the Shining One.
 15496 | Lair:6   | Received a gift from Okawaru
 15738 | Lair:6   | Received a gift from Okawaru
 16573 | Lair:6   | Noticed a dire elephant
 16661 | Lair:6   | Killed a dire elephant
 16849 | Lair:6   | Received a gift from Okawaru
 16852 | Lair:6   | Found the +7 captain's cutlass {speed, disarm}
 17343 | Orc:1    | Entered Level 1 of the Orcish Mines
 17566 | Orc:1    | Found Bexzec's Firing Range.
 17574 | Orc:1    | Bought 4 silver boomerangs for 108 gold pieces
 17666 | Orc:2    | Entered Level 2 of the Orcish Mines
 17666 | Orc:2    | Found a roughly hewn altar of Beogh.
 17769 | Orc:2    | Noticed a stone giant
 17779 | Orc:2    | Killed a stone giant
 17863 | Orc:2    | Found Tegidghe's Antique Weapon Emporium.
 17979 | Orc:2    | Found Suarasm's Book Shop.
 18269 | Orc:2    | Found Befet's Antique Armour Shop.
 18552 | Orc:2    | Found Listren's General Store.
 18571 | Orc:2    | Bought a scroll of fog for 30 gold pieces
 18571 | Orc:2    | Bought a scroll of identify for 30 gold pieces
 18571 | Orc:2    | Bought 2 scrolls of teleportation for 90 gold pieces
 18571 | Orc:2    | Bought a potion of heal wounds for 75 gold pieces
 18739 | Orc:2    | Found a staircase to the Elven Halls.
 19145 | D:12     | Reached skill level 5 in Armour
 19181 | D:12     | Found a runed translucent gate.
 19181 | D:12     | Found a runed translucent gate.
 19181 | D:12     | Found a runed translucent gate.
 19194 | D:12     | Noticed Synwij's ghost (journeyman DsFi)
 19419 | D:12     | Reached XP level 15. HP: 112/136 MP: 18/21
 19880 | D:12     | Reached skill level 15 in Shields
 20525 | D:12     | Killed Synwij's ghost
 20535 | D:12     | Identified the +8 scimitar of Wu Jian's Pride {protect,
                  | rElec rF- rC+ Int+7}
 20688 | D:13     | Received a gift from Okawaru
 20795 | D:13     | Found a gate to the Vaults.
 21142 | D:13     | Identified the +4 leather armour "Neblom" {Harm}
 21152 | D:13     | Received a gift from Okawaru
 21397 | Arena    | Entered the Arena
 21500 | D:14     | Found a portal to a secret trove of treasure.
 21752 | D:14     | Received a gift from Okawaru
 21803 | D:14     | Reached skill level 10 in Armour
 22322 | D:15     | Entered Level 15 of the Dungeon
 23002 | D:15     | Received a gift from Okawaru
 23024 | D:15     | Paralysed by an ogre mage for 3 turns
 23265 | D:15     | Received a gift from Okawaru
 23312 | D:15     | Found a staircase to the Depths.
 23670 | Snake:1  | Entered Level 1 of the Snake Pit
 23671 | Snake:1  | Acquired a manual of Fighting
 23895 | Snake:1  | Reached XP level 16. HP: 102/145 MP: 22/22
 24083 | Snake:1  | Received a gift from Okawaru
 24280 | Snake:1  | Reached skill level 5 in Dodging
 24813 | Snake:2  | Noticed Asterion
 24816 | Snake:2  | Noticed an Executioner
 24823 | Snake:2  | Killed Asterion
 25465 | Snake:2  | Reached skill level 15 in Fighting
 25658 | Snake:2  | Noticed a nagaraja
 25677 | Snake:2  | Killed a nagaraja
 25797 | Snake:2  | Noticed Frances
 25814 | Snake:2  | Killed Frances
 25983 | Snake:2  | Received a gift from Okawaru
 26320 | Snake:2  | Found Nass's Book Shoppe.
 26321 | Snake:2  | Found Ickaz's Jewellery Shop.
 26322 | Snake:2  | Found Hiaps's Book Shoppe.
 26337 | Snake:2  | Bought the ring "Miah" {rN+ EV+4 Slay+4} for 960 gold
                  | pieces
 26885 | Snake:3  | Received a gift from Okawaru
 27574 | Snake:3  | Noticed Louise
 27583 | Snake:3  | Cast into level 3 of the Abyss (Louise)
 27659 | Snake:3  | Escaped the Abyss
 27673 | Snake:3  | Killed Louise
 27673 | Snake:3  | Received a gift from Okawaru
 27854 | Snake:3  | Reached XP level 17. HP: 154/163 MP: 15/23
 28055 | Snake:3  | Noticed Vashnia
 28085 | Snake:3  | Killed Vashnia
 28088 | Snake:3  | Noticed Mara
 28132 | Snake:3  | Noticed karkarkar's illusion
 28296 | Snake:3  | Killed Mara
 28541 | Snake:3  | Received a gift from Okawaru
 28860 | Snake:4  | Entered Level 4 of the Snake Pit
 28881 | Snake:4  | Noticed Donald
 28889 | Snake:4  | Killed Donald
 28942 | Snake:4  | Identified Roxanne's Compendium of Transmutation
 28942 | Snake:4  | Noticed Roxanne
 30044 | Snake:4  | Noticed Aizul
 30058 | Snake:4  | Killed Aizul
 31171 | Snake:4  | Killed Roxanne
 31171 | Snake:4  | Received a gift from Okawaru
 31808 | Snake:4  | Received a gift from Okawaru
 32129 | Snake:4  | Reached XP level 18. HP: 182/182 MP: 24/24
 32137 | Snake:4  | Reached skill level 15 in Armour
 32413 | Snake:4  | Got a serpentine rune of Zot
 32605 | Lair:4   | Upgraded the game from 0.28-a0-1182-g381e24db82 to
                  | 0.28-a0-1184-g53156a8862
 32855 | Shoals:1 | Entered Level 1 of the Shoals
 32878 | Shoals:1 | Noticed Mlioglotl
 32896 | Shoals:1 | Killed Mlioglotl
 33259 | Shoals:4 | Entered Level 4 of the Shoals
 33293 | Shoals:3 | Received a gift from Okawaru
 33316 | Shoals:3 | Reached skill level 5 in Evocations
 33454 | Shoals:4 | Received a gift from Okawaru
 33786 | Shoals:4 | Received a gift from Okawaru
 34004 | Shoals:4 | Identified the +1 ring mail "Damnable Contraption" {rF+
                  | Int+3} (Okawaru gifted it to you on level 4 of the Shoals)
 34004 | Shoals:4 | Received a gift from Okawaru
 35649 | Shoals:4 | Got a barnacled rune of Zot
 35939 | Vaults:1 | Entered Level 1 of the Vaults
 36370 | Vaults:1 | You are sucked into a shaft and drop 1 floor!
 36462 | Vaults:2 | Noticed Nikola
 36495 | Vaults:2 | Killed Nikola
 36496 | Vaults:2 | Reached XP level 19. HP: 145/189 MP: 25/25
 36891 | Vaults:1 | Received a gift from Okawaru
 37056 | Vaults:1 | Received a gift from Okawaru
 37300 | Vaults:1 | Received a gift from Okawaru
 37707 | Vaults:2 | Received a gift from Okawaru
 37799 | Vaults:2 | Cast into level 3 of the Abyss (a wizard)
 37808 | Vaults:2 | Escaped the Abyss
 38266 | Vaults:2 | Received a gift from Okawaru
 38332 | Vaults:2 | Identified the +3 ring mail of Xanysch {+Blink +Inv rElec}
 38334 | Vaults:2 | Identified the +1 hunting sling of Fatigue {vorpal, rPois
                  | rF+} (You found it on level 2 of the Vaults)
 38668 | Vaults:2 | Received a gift from Okawaru
 38799 | Vaults:2 | Received a gift from Okawaru
 39380 | Vaults:3 | Found a staircase to the Crypt.
 39380 | Vaults:3 | Found a basalt altar of Yredelemnul.
 39381 | Vaults:3 | Found an ancient bone altar of Kikubaaqudgha.
 39426 | Vaults:3 | Reached XP level 20. HP: 160/198 MP: 26/26
 39712 | Vaults:3 | Received a gift from Okawaru
 39772 | Vaults:3 | Identified the +4 ring mail of Subjectivity {rPois Will-
                  | rCorr Dex+2}
 39819 | Vaults:3 | Received a gift from Okawaru
 39820 | Vaults:3 | Reached skill level 10 in Evocations
 42418 | Elf:1    | Entered Level 1 of the Elven Halls
 42607 | Elf:1    | Received a gift from Okawaru
 42882 | Elf:1    | Found Pebommaq's Weapon Boutique.
 43137 | Elf:1    | Reached XP level 21. HP: 190/204 MP: 24/27
 43672 | D:14     | You paid a toll of +4 ice dragon scales to enter a treasure
                  | trove
 43673 | Trove    | Entered a treasure trove
 43677 | Trove    | Identified the +0 cloak "Bexyaw Lydi" {+Inv rC++ Dex-2
                  | SInv}
 43679 | Trove    | Identified the +4 ring mail of Stoicism {*Slow Str+4 SInv}
 43683 | Trove    | Identified the +2 pair of gloves of Zaessynoan {*Corrode
                  | Int+3 SInv}
 43684 | Trove    | Identified the +2 cloak of the Three Orbs {rPois rCorr}
 43687 | Trove    | Identified the +0 pair of gloves "Kidiraov" {Rampage *Slow
                  | Str+2 SInv}
 43690 | Trove    | Identified the +2 helmet "Douh Vix" {Str+10 Stlth-}
 44208 | Elf:1    | Paralysed by an air elemental for 1 turns
 44213 | Elf:1    | Paralysed by an air elemental for 1 turns
 44301 | Elf:1    | Paralysed by an air elemental for 1 turns
 44453 | Elf:2    | Received a gift from Okawaru
 44536 | Elf:2    | Found Wazur's General Store.
 44540 | Elf:2    | Bought a potion of heal wounds for 65 gold pieces
 44608 | Elf:2    | Paralysed by an air elemental for 1 turns
 44611 | Elf:2    | Paralysed by an air elemental for 1 turns
 44806 | Elf:2    | Paralysed by an air elemental for 1 turns
 44881 | Elf:2    | Received a gift from Okawaru
 45040 | Elf:3    | Entered Level 3 of the Elven Halls
 45249 | Elf:3    | Identified the +5 war axe "Deaxt" {vorpal, Dex+6} (Okawaru
                  | gifted it to you on level 3 of the Elven Halls)
 45249 | Elf:3    | Received a gift from Okawaru
 45410 | Elf:2    | Found a runed translucent gate.
 45412 | Elf:2    | Found a runed translucent gate.
 45424 | Elf:2    | Found a runed translucent gate.
 45787 | Elf:3    | Received a gift from Okawaru
 45805 | Elf:3    | Reached skill level 10 in Invocations
 46041 | Elf:3    | Identified the +4 falchion of Purpose {holy, Fly Str+4
                  | Dex-2}
 46134 | Elf:3    | Received a gift from Okawaru
 46244 | Elf:3    | Identified the ring of Dothrul {rElec rCorr AC+4 Stlth-}
 46288 | Elf:3    | Identified the ring of Xumo {AC+4 Int+3}
 46313 | Elf:3    | Identified the +1 robe of Otaqeigyth {rElec Str+4 Archmagi}
 46318 | Elf:3    | Identified the ring of Harmony {rElec Will+ Dex+2 Slay+4}
 46346 | Elf:3    | Found the ring of the Octopus King
 46378 | Elf:3    | Identified the ring "Piotab" {rC+ Slay+3 SInv}
 46380 | Elf:3    | Identified a ring of the Octopus King {Fly AC+1 EV+1 Str+1
                  | Int+1 Dex+1}
 46402 | Elf:3    | Identified the ring "Hotiuck" {Wiz *Slow rF+ Str+8}
 46414 | Elf:3    | Identified the +6 long sword of the Vanishing Invaders
                  | {pain, Will+ Dex+2}
 46803 | Depths:1 | Entered Level 1 of the Depths
 46884 | Depths:1 | Received a gift from Okawaru
 47007 | Depths:1 | Noticed a golden dragon
 47027 | Depths:1 | Killed a golden dragon
 47053 | Depths:1 | Noticed a juggernaut
 47061 | Depths:1 | Killed a juggernaut
 47097 | Depths:1 | Identified the +9 mace "Pangalin" {spect, Dex+3}
 47110 | Depths:1 | Identified the +0 plate armour "Pipiovav" {rElec rC- Str+10
                  | Int-5}
 47118 | Depths:1 | Noticed a golden dragon
 47124 | Depths:1 | Killed a golden dragon
 47135 | Depths:1 | Reached skill level 15 in Throwing
 47157 | Depths:1 | Reached XP level 22. HP: 137/213 MP: 26/29
 47272 | Depths:1 | Identified the +0 cloak of Shrieking Lucidity {rCorr Dex+2
                  | Slay+3}
 47549 | Depths:1 | Found a gateway to Hell.
 47651 | Depths:1 | Paralysed by a great orb of eyes for 2 turns
 47762 | Depths:1 | Found Pommer's Magic Scroll Emporium.
 47762 | Depths:1 | Found Goulige's Jewellery Shoppe.
 47770 | Depths:1 | Bought a scroll of teleportation for 60 gold pieces
 47770 | Depths:1 | Bought a scroll of blinking for 150 gold pieces
 47770 | Depths:1 | Bought a scroll of enchant armour for 150 gold pieces
 47965 | Depths:1 | Found a one-way gate to the infinite horrors of the Abyss.
 48276 | Depths:2 | Found a one-way gate leading to the halls of Pandemonium.
 48308 | Depths:2 | Acquired 1240 gold pieces
 48434 | Depths:2 | Found a corrupted altar of Lugonu.
 48665 | Depths:3 | Reached skill level 10 in Dodging
 48954 | Depths:3 | Received a gift from Okawaru
 49225 | Depths:2 | Noticed a golden dragon
 49234 | Depths:2 | Killed a golden dragon
 49379 | Depths:2 | Reached skill level 1 in Maces & Flails
 49482 | Depths:2 | Found a basalt altar of Yredelemnul.
 49516 | Depths:2 | Identified the +0 pair of boots of Weugiles {rC- rN+ Will+
                  | Regen+} (Okawaru gifted it to you on level 2 of the Depths)
 49516 | Depths:2 | Received a gift from Okawaru
 49526 | Depths:2 | Reached skill level 1 in Conjurations
 49558 | Depths:2 | Reached skill level 1 in Bows
 49558 | Depths:2 | Reached skill level 1 in Summonings
 50062 | Depths:3 | Identified the +3 buckler of the Comet {rC+ Stlth+}
 50179 | Depths:3 | Found a viscous altar of Jiyva.
 50347 | Depths:3 | Reached XP level 23. HP: 159/220 MP: 30/30
 50930 | Depths:3 | Found an ornate altar of the Wu Jian Council.
 51083 | Depths:4 | Entered Level 4 of the Depths
 51311 | Depths:4 | Found a glowing golden altar of the Shining One.
 51397 | Depths:4 | Found a one-way gateway to a ziggurat.
 51615 | Depths:4 | Received a gift from Okawaru
 51676 | Depths:4 | Found a gate to the Realm of Zot.
 51676 | Depths:4 | Noticed a golden dragon
 51705 | Depths:4 | Killed a golden dragon
 51751 | Depths:4 | Identified the +0 pair of gloves of Atheism {-Tele *Slow
                  | Str+9 Stlth+} (Okawaru gifted it to you on level 4 of the
                  | Depths)
 51751 | Depths:4 | Received a gift from Okawaru
 52015 | Depths:4 | Noticed a juggernaut
 52027 | Depths:4 | Killed a juggernaut
 52505 | Vaults:5 | Entered Level 5 of the Vaults
 52523 | Vaults:5 | Reached skill level 15 in Dodging
 52575 | Vaults:5 | Noticed a golden dragon
 52586 | Vaults:5 | Reached XP level 24. HP: 205/223 MP: 29/30
 52969 | Vaults:5 | Received a gift from Okawaru
 53192 | Vaults:5 | Identified the +8 short sword of Fate {vorpal, rF++ Will+
                  | Int+2 Stlth-}
 53449 | Vaults:5 | Found the +3 warlock's mirror {reflect}
 53639 | Vaults:5 | Identified the +3 war axe of Delyhy {speed, *Noise +Blink
                  | Str+8 Int-3}
 53803 | Vaults:5 | Got a silver rune of Zot
 53895 | Vaults:5 | Found the +8 longbow "Zephyr" {speed, Dex+3 SInv}
 53900 | Vaults:5 | Got the Guide on Unstable Curses
 53903 | Vaults:5 | Identified the +8 flail "Tahibb" {spect, SInv}
 53956 | Vaults:5 | Identified the +2 leather armour "Qestryth" {Harm}
 54056 | Vaults:5 | Found the dreamshard necklace {*Dream Drain}
 54183 | Vaults:5 | Identified the +2 robe "Taover" {-Tele Str-2 Dex+6 Slay+5}
 54344 | Crypt:1  | Entered Level 1 of the Crypt
 54393 | Crypt:1  | Received a gift from Okawaru
 54489 | Crypt:1  | Received a gift from Okawaru
 54757 | Crypt:1  | Noticed Sojobo
 54773 | Crypt:1  | Killed Sojobo
 54891 | Crypt:1  | Noticed Bai Suzhen
 54894 | Crypt:1  | Killed Bai Suzhen
 54984 | Crypt:1  | Found a runed translucent gate.
 54984 | Crypt:1  | Found a runed translucent gate.
 54984 | Crypt:1  | Found a runed translucent gate.
 54988 | Crypt:1  | Noticed Zogul's ghost (veteran MiGl)
 54993 | Crypt:1  | Found an iron altar of Okawaru.
 55033 | Crypt:1  | Identified the +4 rapier of Syneig Osel {drain, rC+ Dex+4}
 55335 | Crypt:2  | Paralysed by a vampire knight for 2 turns
 55598 | Crypt:2  | Got the Collected Works on Twisted Changing
 55630 | Crypt:2  | Received a gift from Okawaru
 55631 | Crypt:2  | Reached XP level 25. HP: 235/235 MP: 30/30
 56028 | Crypt:2  | Found an ancient bone altar of Kikubaaqudgha.
 56028 | Crypt:2  | Noticed Jory
 56042 | Crypt:2  | Killed Jory
 56154 | Crypt:2  | Identified the ring of Fuxt {Ice Contam Int+4 Dex+3}
 56321 | Crypt:3  | Entered Level 3 of the Crypt
 56787 | Crypt:3  | Found a staircase to the Tomb.
 57169 | Crypt:3  | Received a gift from Okawaru
 57438 | Crypt:3  | Found an ancient bone altar of Kikubaaqudgha.
 57490 | Crypt:3  | Received a gift from Okawaru
 57655 | Crypt:3  | Identified the +8 hunting sling of the Pyrrhic Victory
                  | {freeze, Str+3}
 58308 | Crypt:1  | Killed Zogul's ghost
 58354 | Crypt:1  | Identified the +3 pair of boots of Slovenliness {rC+ Int-3
                  | Dex+2}
 58775 | Zot:1    | Entered Level 1 of the Realm of Zot
 58882 | Zot:2    | Noticed an orb of fire
 58888 | Zot:1    | Upgraded the game from 0.28-a0-1184-g53156a8862 to
                  | 0.28-a0-1190-g77e1c55843
 59307 | Zot:1    | Reached XP level 26. HP: 209/244 MP: 30/30
 59360 | Zot:1    | Identified the ring "Intotodd" {rF+ rN+}
 59845 | Zot:2    | Received a gift from Okawaru
 59846 | Zot:2    | Reached skill level 19 in Axes
 60116 | Zot:2    | Received a gift from Okawaru
 60147 | Zot:2    | Gained mutation: You are frail. (-10% HP) [an orb of fire]
 60156 | Zot:2    | Killed an orb of fire
 60157 | Zot:2    | Reached skill level 20 in Axes
 60203 | Zot:2    | Received a gift from Okawaru
 60215 | Zot:2    | Found a transporter.
 60239 | Zot:2    | Noticed a Killer Klown
 60261 | Zot:2    | Killed a Killer Klown
 60289 | Zot:2    | Received a gift from Okawaru
 60674 | Zot:2    | Reached skill level 21 in Axes
 60692 | Zot:2    | Found a transporter.
 60966 | Zot:2    | Gained mutation: You tend to lose your temper in combat.
                  | [mutagenic glow]
 60969 | Zot:2    | Received a gift from Okawaru
 60977 | Zot:2    | Gained mutation: You often lose your temper in combat.
                  | [mutagenic glow]
 60983 | Zot:2    | Identified the amulet of the Good {RegenMP Str+3 Stlth+}
 60991 | Zot:2    | Identified the ring "Xawn" {Fly rC+ Stlth+}
 60995 | Zot:2    | Gained mutation: Potions are less effective at restoring
                  | your health. [mutagenic glow]
 60996 | Zot:2    | Lost mutation: You are frail. (-10% HP) [potion of
                  | mutation]
 60996 | Zot:2    | Lost mutation: Potions are less effective at restoring your
                  | health. [potion of mutation]
 60996 | Zot:2    | Gained mutation: You are robust. (+10% HP) [potion of
                  | mutation]
 60996 | Zot:2    | Gained mutation: You sometimes lose the ability to read
                  | scrolls when taking damage. [potion of mutation]
 60996 | Zot:2    | Gained mutation: You have an uncontrollable temper. [potion
                  | of mutation]
 60996 | Zot:2    | Lost mutation: You have an uncontrollable temper. [potion
                  | of mutation]
 60997 | Zot:2    | Lost mutation: You sometimes lose the ability to read
                  | scrolls when taking damage. [potion of mutation]
 60997 | Zot:2    | Lost mutation: You often lose your temper in combat.
                  | [potion of mutation]
 60997 | Zot:2    | Gained mutation: You are very robust. (+20% HP) [potion of
                  | mutation]
 60997 | Zot:2    | Gained mutation: Your spells are a little harder to cast,
                  | but a little more powerful. [potion of mutation]
 60997 | Zot:2    | Gained mutation: Your flesh is heat resistant. (rF+)
                  | [potion of mutation]
 61066 | Zot:2    | Lost mutation: You tend to lose your temper in combat.
                  | [potion of mutation]
 61066 | Zot:2    | Gained mutation: You tend to lose your temper in combat.
                  | [potion of mutation]
 61066 | Zot:2    | Gained mutation: You are weak. (Str -2) [potion of
                  | mutation]
 61066 | Zot:2    | Gained mutation: Your flesh is very heat resistant. (rF++)
                  | [potion of mutation]
 61067 | Zot:2    | Lost mutation: You are weak. (Str -2) [potion of mutation]
 61067 | Zot:2    | Gained mutation: You are weak. (Str -2) [potion of
                  | mutation]
 61067 | Zot:2    | Gained mutation: You are strong-willed. (Will+) [potion of
                  | mutation]
 61166 | Zot:3    | Reached skill level 22 in Axes
 61199 | Zot:3    | Received a gift from Okawaru
 61489 | Zot:3    | Received a gift from Okawaru
 61958 | Zot:3    | Lost mutation: You tend to lose your temper in combat.
                  | [potion of mutation]
 61958 | Zot:3    | Lost mutation: You are strong-willed. (Will+) [potion of
                  | mutation]
 61958 | Zot:3    | Gained mutation: You are very weak. (Str -4) [potion of
                  | mutation]
 61958 | Zot:3    | Gained mutation: You have large cloven feet. [potion of
                  | mutation]
 61958 | Zot:3    | Lost mutation: Your flesh is very heat resistant. (rF++)
                  | [potion of mutation]
 61958 | Zot:3    | Gained mutation: Your natural rate of healing is unusually
                  | fast. [potion of mutation]
 62673 | Zot:4    | Received a gift from Okawaru
 62741 | Zot:5    | Entered Level 5 of the Realm of Zot
 63165 | Zot:5    | Reached skill level 23 in Axes
 63374 | Zot:5    | Reached XP level 27. HP: 276/279 MP: 30/30
 63432 | Zot:5    | Noticed an orb of fire
 63660 | Zot:5    | Noticed a dread lich
 63684 | Zot:5    | Killed a dread lich
 63759 | Zot:5    | Noticed an orb of fire
 63789 | Zot:5    | Lost mutation: Your natural rate of healing is unusually
                  | fast. [an orb of fire]
 63936 | Zot:5    | Gained mutation: You sometimes lose the ability to read
                  | scrolls when taking damage. [an orb of fire]
 63949 | Zot:5    | Killed an orb of fire
 63950 | Zot:5    | Reached skill level 24 in Axes
 63964 | Zot:5    | Killed an orb of fire
 64048 | Zot:5    | Lost mutation: You sometimes lose the ability to read
                  | scrolls when taking damage. [potion of mutation]
 64048 | Zot:5    | Lost mutation: You have large cloven feet. [potion of
                  | mutation]
 64048 | Zot:5    | Lost mutation: You are very robust. (+20% HP) [potion of
                  | mutation]
 64048 | Zot:5    | Gained mutation: Your system is resistant to poisons.
                  | (rPois) [potion of mutation]
 64201 | Zot:5    | Noticed a dread lich
 64212 | Zot:5    | Killed a dread lich
 64212 | Zot:5    | Received a gift from Okawaru
 64738 | Zot:5    | Found the +4 dragonskin cloak
 64738 | Zot:5    | Noticed Tiamat
 64753 | Zot:5    | Killed Tiamat
 64754 | Zot:5    | Reached skill level 25 in Axes
 64871 | Zot:5    | Noticed an orb of fire
 64872 | Zot:5    | Gained mutation: Your body sometimes deteriorates upon
                  | taking damage. [an orb of fire]
 64887 | Zot:5    | Killed an orb of fire
 64892 | Zot:5    | Noticed a dread lich
 64893 | Zot:5    | Paralysed by a dread lich for 3 turns
 64902 | Zot:5    | Killed a dread lich
 64985 | Zot:5    | Noticed an ancient lich
 64994 | Zot:5    | Killed an ancient lich
 65039 | Zot:5    | Got the Orb of Zot
 65124 | Zot:3    | Noticed a seraph
 65204 | Depths:4 | Noticed Hezuirph the pandemonium lord
 65700 | D:$      | Escaped with the Orb!

Illustrated notes

Levels and vault maps discovered:
D:1:      nzn_arrival_water_spiral, layout_basic, minmay_splitting_lines,
          feat_on_display
D:2:      layout_basic, nicolae_ecumenical_lake_church, moated_statue
D:3:      layout_basic, minmay_misc_feat_diagonals, uniq_sigmund, uniq_grinder
D:4:      layout_rooms, nicolae_uskayaw_en_pointe, okawaru_altar_gauntlet_db,
          minmay_temple_entry_sparse_star, gup_sewer_entry_glass,
          minmay_strange_pillars, uniq_blork_the_orc, uniq_pikel
D:5:      layout_loops_cross, serial_shops, nicolae_shop_crystal,
          wad_floor_pattern_untrapped, serial_bayou_pond_c, uniq_menkaure,
          uniq_duvessa, uniq_edmund, uniq_ijyb, uniq_eustachio
D:6:      layout_rooms
D:7:      layout_rooms, lightli_orcish_oven, uniq_prince_ribbit1
D:8:      layout_cave_pods
D:9:      layout_loops_corners, dpeg_lair_monsters, enter_bailey_2, uniq_psyche
D:10:     minmay_wavy_crystal, layout_loops_ring,
          gammafunk_temple_overflow_pools, nrook_uturn, kennysheep_small_circle
D:11:     layout_loops_cross, minmay_orc_entry_guard_dogs, uniq_erolcha,
          uniq_erica, uniq_grum
D:12:     layout_stronghold, gammafunk_ghost_hydra_chop
D:13:     layout_loops_ring, david_vaults_1
D:14:     layout_gridville, nicolae_trove_entry_isolated
D:15:     grunt_enter_depths_snipers, layout_stronghold, corexii_hall_statues_i
Lair:1:   layout_misc_corridors, infiniplex_staircase_pool_2,
          grunt_megastairs_3, lemuel_fruit_fields
Lair:2:   layout_regular_city, guppyfry_snake_entry_garden
Lair:3:   dreamdust_isle_of_ice, layout_layer_cave, elwin_shoals_entry_stream
Lair:4:   layout_loops_ring, lemuel_fruit_tree
Lair:5:   layout_hall_layers, slime_altar_1, lemuel_oklob_altar,
          serial_bayou_shore_b, infiniplex_staircase_pool
Lair:6:   gammafunk_lair_ancient_temple, layout_cave_shapes
Shoals:1: cheibrodos_shoals_satyrical_garden, layout_shoals,
          nicolae_shoals_wave_tunnel, uniq_mlioglotl
Shoals:2: layout_shoals, ebering_ghost_disaster_area, st_cyclops
Shoals:3: layout_shoals, lightli_airlock
Shoals:4: shoals_end_hellmonk_lost_city
Snake:1:  layout_onion
Snake:2:  layout_misc_corridors, minmay_shop_grove, uniq_asterion, uniq_frances
Snake:3:  nicolae_snake_crotalidae_crossing, layout_chambers,
          grunt_megastairs_1, uniq_vashnia, uniq_louise, uniq_mara
Snake:4:  johnstein_snake_rune_scales, layout_cave_town,
          nicolae_snake_coiling_death, uniq_aizul, uniq_donald, uniq_roxanne
Orc:1:    layout_caves, nicolae_shop_firing_range
Orc:2:    grunt_orc_gardens, layout_caves, grunt_orc_garden, grunt_orc_garden,
          grunt_orc_garden, grunt_orc_garden, basic_altar,
          nicolae_orc_flooded_monolith, nicolae_orc_rockfall
Elf:1:    nicolae_elf_arrival_fired_up, layout_geoelf_diagonals, serial_shops,
          nicolae_shop_bloodbath_and_beyond, evilmike_minifort
Elf:2:    nicolae_elf_blades_splatter_lattice [infiniplex_blade_entry_pillars],
          layout_gridlike, drop_trap, minmay_shop_star
Elf:3:    minmay_elf_hall, layout_geoelf_diagonals
Vaults:1: ontoclasm_vaults_ring_small, ontoclasm_vaults_twist,
          hangedman_vaults_maws, v_misc_8, vaults_room_hallway, v_alt_pattern_6,
          vaults_room_fancy_cross, nicolae_vaults_yaktaur_gun_rack,
          vaults_room_grunt_arrival_ludios, layout_vaults_ring
Vaults:2: v_misc_8, v_rooms_1, hangedman_vaults_locks, vaults_dpeg_cross,
          hangedman_vaults_stitches, v_misc_22, nicolae_vaults_quadrants,
          v_misc_2, v_pattern_1, vaults_mumra_hexcomb, hangedman_vaults_impose,
          layout_vaults_maze, uniq_nikola
Vaults:3: infiniplex_enter_wizlab_glasses, nicolae_vaults_disjoint_gnomons,
          nicolae_vaults_little_squares_5, nicolae_vaults_little_squares_4,
          v_misc_25, minmay_crypt_entry_necro_gods, hangedman_vaults_variations,
          nicolae_vaults_alarming, ontoclasm_vaults_fault, v_misc_15,
          ontoclasm_vaults_ring_square, ontoclasm_vaults_shout, v_misc_18,
          hangedman_vaults_snaps, v_misc_5, layout_vaults_omnibox
Vaults:4: nicolae_vaults_border_crossing, v_pattern_4, ontoclasm_vaults_idyll,
          vaults_mumra_hex, ontoclasm_vaults_claustrophobia,
          vaults_room_door_hall, nicolae_vaults_network_periphery, v_misc_3,
          nicolae_vaults_little_squares_4, hangedman_vaults_stretched_pinwheel,
          layout_vaults_omnigrid
Vaults:5
Crypt:1:  minmay_shadows, layout_gridlike, gammafunk_ghost_fury_of_okawaru,
          grunt_ministairs_9, grunt_crypt_arrival_guarded_gate, uniq_bai_suzhen,
          uniq_sojobo
Crypt:2:  lemuel_vampire_tower, layout_gridlike, columned_hall_lemuel
Crypt:3:  church_of_pain_bobbens, layout_chaotic_city
Depths:1: minmay_fractal_lines_corner, layout_long_grid,
          grunt_hell_entry_dis_grunt, marbit_kobold_abyss_entry,
          nicolae_figureground_pulse, kennysheep_generic_room_10,
          serial_bayou_shore_b, minmay_shoptagon
Depths:2: hangedman_stitches_corridor, layout_twisted_cross,
          abyss_entry_flame_altar, yredelemnul_altar_generic, hell_entry,
          rand_demon_pan_entry_3, st_stairs_8
Depths:3: kennysheep_demon_jail, layout_basic, special_room
          [special_room_jelly], abyss_entry, nicolae_wu_jian_wuxing_cycle,
          hangedman_coc_ice_floe, minmay_misc_feat_more_columns,
          infiniplex_staircase_door_maze
Depths:4: grunt_zot_entry_tricorne, layout_cave_shapes, enter_ziggurat_b,
          nicolae_tso_swordbearing_angel, hell_entry, skrybe_limestone_x,
          grunt_decor_mini_mirrors
Zot:1:    layout_misc_corridors, st_small_dragon_hoard_5, bh_zot_levy_curve
Zot:2:    gammafunk_its_a_trap, layout_basic, hangedman_elemental_corridor
Zot:3:    layout_cathedral_of_symmetry
Zot:4:    layout_basic
Zot:5:    layout_basic, grunt_ministairs_4, lemuel_baited_zot_trap, uniq_tiamat

Skill      XL: |  1  2  3  4  5  6  7  8  9 10 11 12 13 14 15 16 17 18 19 20 21 22 23 24 25 26 27 |
---------------+----------------------------------------------------------------------------------+-----
Axes           | 3 4 5 7 8 11 12 14 16 17 18 23 25 | 25.8
Fighting       | 4 5 6 8 9 11 13 18 21 | 21.3
Shields        | 4 10 14 15 | 15.0
Throwing       | 1 2 3 5 7 9 10 11 14 15 17 19 | 19.3
Evocations     | 1 2 3 7 9 10 | 10.0
Dodging        | 1 2 4 6 8 9 11 15 18 21 | 21.5
Invocations    | 1 3 7 8 10 | 10.0
Armour         | 5 12 14 17 18 20 22 24 | 24.0
Maces & Flails | 1 |  1.2
Conjurations   | 1 |  1.0
Bows           | 1 |  1.0
Summonings     | 1 |  1.0
Short Blades   | |  0.9
Long Blades    | |  0.5
Polearms       | |  0.9
Staves         | |  0.7
Slings         | |  0.6
Crossbows      | |  0.5
Unarmed Combat | |  0.7
Spellcasting   | |  0.5
Hexes          | |  0.4
Necromancy     | |  0.6
Translocations | |  0.4
Transmutations | |  0.6
Fire Magic     | |  0.6
Ice Magic      | |  0.9
Air Magic      | |  0.7
Earth Magic    | |  0.8
Poison Magic   | |  0.6

Action                   |  1- 3 |  4- 6 |  7- 9 | 10-12 | 13-15 | 16-18 | 19-21 | 22-24 | 25-27 || total
-------------------------+-------+-------+-------+-------+-------+-------+-------+-------+-------++-------
Melee: War axe           |    74 |       |       |       |       |       |       |       |       ||    74
       Broad axe         |    21 |    87 |   256 |   317 |   731 |  1071 |  1110 |  1109 |  1233 ||  5935
Throw: Boomerang         |       |       |    27 |   106 |   289 |   249 |       |    29 |    60 ||   760
       Javelin           |       |       |       |    32 |    42 |   140 |   137 |    63 |    57 ||   471
       Dart              |       |       |       |     2 |    18 |    47 |     2 |       |       ||    69
Invok: Heroism           |       |       |     4 |    11 |    43 |    42 |    33 |    30 |    50 ||   213
       Finesse           |       |       |       |       |     2 |    11 |     8 |     7 |    16 ||    44
       Duel              |       |       |       |       |     1 |     1 |       |       |       ||     2
Evoke: Wand              |       |       |     4 |     7 |     3 |     1 |     1 |     1 |       ||    17
       Condenser vane    |       |       |       |       |       |       |       |     2 |       ||     2
  Use: Scroll            |     3 |     2 |     5 |    13 |    14 |     4 |     8 |     7 |    17 ||    73
       Potion            |       |     3 |     2 |     1 |     2 |     5 |     3 |     1 |    12 ||    29
 Stab: Invisible         |       |       |       |       |     1 |       |       |       |       ||     1
       Distracted        |       |       |       |       |       |       |     1 |       |       ||     1
Armor: Scale mail        |    34 |       |       |       |       |       |       |       |       ||    34
       Plate armour      |    11 |    68 |   150 |   104 |       |       |       |       |       ||   333
       Fire dragon scale |       |       |       |    40 |   207 |   183 |    10 |       |       ||   440
       Crystal plate arm |       |       |       |       |       |   208 |   388 |     2 |       ||   598
       Gold dragon scale |       |       |       |       |       |       |       |   325 |   390 ||   715
       Skin              |       |       |       |       |       |       |       |       |     1 ||     1
Dodge: Dodged            |    39 |    19 |    75 |   109 |   203 |   463 |   342 |   486 |   498 ||  2234
Block: Buckler           |    21 |    12 |    47 |    51 |     3 |       |       |       |       ||   134
       Kite shield       |       |       |       |       |   300 |   618 |   472 |   502 |   531 ||  2423
       Reflection        |       |       |       |       |    15 |   116 |    54 |    14 |    11 ||   210

Table legend: (Time is in decaauts)
 A = Elapsed time spent in this place.
 B = Non-inter-level travel time spent in this place.
 C = Inter-level travel time spent in this place.
 D = Time resting spent in this place.
 E = Time spent auto-exploring this place.
 F = Levels seen in this place.
 G = Mean time per level.
                   A        B        C        D        E       F      G
               +--------+--------+--------+--------+--------+-----+--------+
         Total |  63827 |  58643 |   5184 |   4983 |  28409 |  56 | 1139.8 |
       Dungeon |  15774 |  13626 |   2148 |    487 |   9308 |  15 | 1051.6 |
          Lair |   7461 |   6783 |    678 |    291 |   3624 |   6 | 1243.5 |
        Shoals |   2721 |   2661 |     60 |    322 |    224 |   4 |  680.2 |
     Snake Pit |   8603 |   8324 |    279 |   1662 |   3619 |   4 | 2150.8 |
  Orcish Mines |   1949 |   1677 |    272 |     72 |    494 |   2 |  974.5 |
   Elven Halls |   3306 |   3107 |    199 |    187 |   1285 |   3 | 1102.0 |
        Vaults |   8045 |   7417 |    628 |    839 |   3563 |   5 | 1609.0 |
         Crypt |   3791 |   3518 |    273 |     62 |   1359 |   3 | 1263.7 |
        Depths |   5405 |   5003 |    402 |    382 |   2651 |   4 | 1351.2 |
           Zot |   6103 |   5862 |    241 |    668 |   2060 |   5 | 1220.6 |
         Abyss |     82 |     82 |      0 |      0 |     54 |   2 |   41.0 |
         Trove |    135 |    135 |      0 |      0 |      2 |   1 |  135.0 |
         Sewer |    423 |    423 |      0 |      0 |    165 |   1 |  423.0 |
         Arena |     22 |     22 |      0 |      9 |      0 |   1 |   22.0 |
               +--------+--------+--------+--------+--------+-----+--------+

Top non-repeatable levels by time:
 Snake:4: 3051 daAuts
 Snake:3: 2727 daAuts
Shoals:4: 2188 daAuts
Vaults:2: 1993 daAuts
   Zot:5: 1787 daAuts
Vaults:4: 1756 daAuts
  Lair:3: 1694 daAuts
 Crypt:3: 1675 daAuts
  Lair:6: 1667 daAuts
 Snake:2: 1654 daAuts
Depths:3: 1515 daAuts
    D:12: 1504 daAuts
Vaults:1: 1496 daAuts
Vaults:5: 1483 daAuts
Depths:2: 1479 daAuts
